 Dungeon Crawl Stone Soup version 0.30-a0-715-gdb4ae3ece1 (webtiles) character file.

Game seed: 8480590263446875644

933 boo the Spear-Bearer (level 8, -1/62 HPs)
             Began as a Merfolk Gladiator on Jan 23, 2023.
             Slain by an orc
             ... wielding a +0 flail
              (2 damage)
             ... on level 5 of the Dungeon.
             The game lasted 00:07:10 (3852 turns).

boo the Spear-Bearer (Merfolk Gladiator)            Turns: 3852, Time: 00:07:11

Health: -1/62      AC:  8    Str: 15    XL:     8   Next: 11%
Magic:  8/8        EV: 14    Int:  7    God:
Gold:   212        SH:  0    Dex: 17    Spells: 7/7 levels left

rFire   . . .      SeeInvis .    a - +0 trident
rCold   . . .      Faith    .    (no shield)
rNeg    . . .      Spirit   .    i - +0 ring mail
rPois   .          Reflect  .    c - +0 helmet
rElec   .          Harm     .    (no cloak)
rCorr   +          Rampage  .    (no gloves)
Will    .....                    y - +1 pair of boots
Stlth   +                        (no amulet)
HPRegen 0.30/turn                x - ring of resist corrosion
MPRegen 0.11/turn                (no ring)

@: no status effects
A: (nimble swimmer 2), mertail
a: no special abilities


You were on level 5 of the Dungeon.
You visited 2 branches of the dungeon, and saw 6 of its levels.

You collected 212 gold pieces.

Inventory:

Hand Weapons
 a - a +0 trident (weapon)
Missiles
 d - 3 throwing nets (quivered)
 e - a javelin
Armour
 c - a +0 helmet (worn)
 i - a +0 ring mail (worn)
 y - a +1 pair of boots (worn)
Jewellery
 w - a ring of resist corrosion
 x - a ring of resist corrosion (left hand)
Wands
 z - a wand of mindburst (19)
 A - a wand of polymorph (10)
Scrolls
 k - a scroll of vulnerability {unknown}
 l - 4 scrolls of teleportation
 m - 2 scrolls of fog {unknown}
 n - a scroll of summoning
 o - 2 scrolls of fear
 q - a scroll of poison {unknown}
 r - a scroll of immolation {unknown}
 s - a scroll of magic mapping {unknown}
 u - a scroll of acquirement {unknown}
Potions
 b - a potion of magic
 f - a potion of attraction
 g - a potion of curing
 h - a potion of heal wounds
 j - a potion of brilliance {unknown}
 p - 2 potions of flight
 t - a potion of ambrosia {unknown}
 v - a potion of degeneration {unknown}


   Skills:
 + Level 5.3 Fighting
 * Level 9.3 Polearms
 - Level 2.0 Throwing
 + Level 7.1 Dodging


You had 7 spell levels left.
You didn't know any spells.
Your spell library contained the following spells:

 Spells                   Type           Power      Damage    Failure   Level
 Ensorcelled Hibernation  Hex/Ice        0%         N/A       80%         2
 Passwall                 Tmut/Erth      0%         N/A       80%         2
 Ozocubu's Armour         Ice            0%         N/A       95%         3
 Swiftness                Air            0%         N/A       95%         3
 Animate Dead             Necr           0%         N/A       100%        4
 Borgnjor's Vile Clutch   Necr/Erth      0%         N/A       100%        5
 Death Channel            Necr           0%         N/A       100%        6
 Ozocubu's Refrigeration  Ice            0%         4d7       100%        7


Dungeon Overview and Level Annotations

Branches:
Dungeon (5/15)             Temple (1/1) D:4

Altars:
Cheibriados
Dithmenos
Elyvilon
Gozag
Nemelex Xobeh
Trog
Vehumet
Wu Jian
Yredelemnul
The Shining One

Annotations:
D:3 4 runed translucent doors, rddays123's ghost, amateur HOFi


Innate Abilities, Weirdness & Mutations

((You are very nimble when in or above water. (Stealth+, EV+, Speed+++)))
Your lower body shifts to a powerful aquatic tail in water.


Message History

The centaur is almost dead.
The centaur hits you.
* * * LOW HITPOINT WARNING * * *
The centaur kicks you but does no damage.
The orc wizard hits you but does no damage.
You hit the centaur but do no damage.
The centaur is almost dead.
The centaur hits you but does no damage.
The centaur misses you. The orc wizard closely misses you.
Something completely misses you. The centaur barely misses you. x2
You hit the centaur.
You kill the centaur!
The orc wizard misses you.
You hear some strange, mumbled words.
You are confused.
Your Dodging skill increases to level 7!
You hit the orc but do no damage. The orc wizard closely misses you.
Something hits you but does no damage.
You hit the orc wizard.
The orc wizard is moderately wounded.
The orc closely misses you. The orc wizard barely misses you.
Something hits you but does no damage.
You bump into the rock wall.
Something hits you but does no damage.
The orc wizard hits you but does no damage.
You barely miss something. The orc hits you with a +0 flail.
* * * LOW HITPOINT WARNING * * *
The orc barely misses you.
The orc wizard hits you with a +0 dagger.
* * * LOW HITPOINT WARNING * * *
Something hits you but does no damage. The orc hits you with a +0 flail!
* * * LOW HITPOINT WARNING * * *
You hit the orc but do no damage.
You feel less confused.
The orc wizard hits you but does no damage.
Something hits you but does no damage. The orc hits you but does no damage.
The orc completely misses you.
You closely miss something. The orc wizard misses you. Something hits you.
* * * LOW HITPOINT WARNING * * *
The orc hits you with a +0 flail.
You die...

.###.......o##.....##
...#........########
.###...##..c.#
..##...##..o.###
.8##...........####
..'..........#....#
..#....##....####)#
..#....##......ooo##
..#............{@.~#
..#............~...#
..#...<.......~....#
..###..#..#........#
..#########........#
....# ##########
....# ....# ...####


You could see an orc wizard and 2 orcs.

Vanquished Creatures
  Sigmund (D:4)
  A centaur (D:5)
  2 ogres (D:4)
  A phantom (D:4)
  2 necrophages
  2 scorpions
  A jelly (D:5)
  An iguana (D:5)
  6 adders
  A shadow imp (D:5)
  2 worms (D:2)
  3 dart slugs
  7 orcs
  8 ball pythons
  7 endoplasms
  3 giant cockroaches
  7 goblins
  4 hobgoblins
  2 jackals (D:2)
  10 kobolds
  3 quokkas
  4 bats
  6 frilled lizards
  2 jackal zombies (D:3)
  6 rats
92 creatures vanquished.

Notes
Turn   | Place    | Note
-------+----------+-------------------------------------------
     0 | D:1      | boo the Merfolk Gladiator began the quest for the Orb.
     0 | D:1      | Reached XP level 1. HP: 16/16 MP: 1/1
    36 | D:1      | Found a faded altar of an unknown god.
    57 | D:1      | Reached XP level 2. HP: 19/23 MP: 2/2
   413 | D:1      | Reached XP level 3. HP: 28/28 MP: 3/3
   825 | D:2      | Reached skill level 5 in Polearms
   905 | D:2      | Found an opulent altar of Gozag.
   994 | D:2      | Reached XP level 4. HP: 34/34 MP: 4/4
  1575 | D:3      | Found a sparkling altar of Nemelex Xobeh.
  1686 | D:3      | Reached skill level 5 in Dodging
  1699 | D:3      | Found an opulent altar of Gozag.
  1717 | D:3      | Found a runed translucent door.
  1717 | D:3      | Noticed a human
  1724 | D:3      | Found a basalt altar of Yredelemnul.
  2041 | D:3      | Found a runed translucent gate.
  2042 | D:3      | Found a runed translucent gate.
  2043 | D:3      | Found a runed translucent gate.
  2044 | D:3      | Found an opulent altar of Gozag.
  2044 | D:3      | Noticed rddays123's ghost (amateur HOFi)
  2200 | D:4      | Noticed Sigmund
  2224 | D:4      | HP: 1/35 [something (9)]
  2233 | D:4      | Reached XP level 5. HP: 24/41 MP: 5/5
  2235 | D:4      | Killed Sigmund
  2236 | D:4      | Reached skill level 7 in Polearms
  2236 | D:4      | Reached XP level 6. HP: 25/48 MP: 6/6
  2568 | D:4      | Reached XP level 7. HP: 55/55 MP: 7/7
  2613 | D:4      | Reached skill level 8 in Polearms
  2620 | D:4      | Found a staircase to the Ecumenical Temple.
  2720 | Temple   | Entered the Ecumenical Temple
  2764 | D:4      | Found a snail-covered altar of Cheibriados.
  3159 | D:4      | Identified the +4 broad axe "Newtbane" {chaos, rPois rN+
                  | Int+3}
  3398 | D:5      | Entered Level 5 of the Dungeon
  3442 | D:5      | Reached skill level 5 in Fighting
  3473 | D:5      | Reached skill level 9 in Polearms
  3473 | D:5      | Reached XP level 8. HP: 24/62 MP: 8/8
  3745 | D:5      | Found a white marble altar of Elyvilon.
  3748 | D:5      | Found a radiant altar of Vehumet.
  3749 | D:5      | Found an ornate altar of the Wu Jian Council.
  3749 | D:5      | Found a shadowy altar of Dithmenos.
  3752 | D:5      | Found a glowing golden altar of the Shining One.
  3754 | D:5      | Found a bloodstained altar of Trog.
  3850 | D:5      | HP: 3/62 [orc/+0 flail (8)]
  3852 | D:5      | HP: 1/62 [something (2)]
  3852 | D:5      | Slain by an orc

Illustrated notes

Levels and vault maps discovered:
D:1:      grunt_arrival_lava_bath, layout_loops_ring, basic_ecumenical_altar
D:2:      layout_rooms, basic_altar
D:3:      layout_basic, mainiacjoe_overflow_paths, mainiacjoe_overflow_24_doors,
          dk_yredelemnul_ordeal, ebering_ghost_gozag
D:4:      nicolae_cairo_tiling_large, layout_basic, kennysheep_slug_shrine,
          minmay_temple_entry_fiery, uniq_sigmund
D:5:      layout_gridville, minitemple, serial_rivers,
          chequers_serial_rivers_micro_c, chequers_serial_rivers_small_b,
          chequers_serial_rivers_room_a, chequers_serial_rivers_micro_d,
          chequers_serial_rivers_micro_a
Temple:   ebering_the_none_and_only

Skill      XL: |  1  2  3  4  5  6  7  8 |
---------------+-------------------------+-----
Polearms       | 5 7 9 |  9.3
Fighting       | 3 4 5 |  5.3
Dodging        | 5 6 7 |  7.1
Throwing       | |  2.0

Action                     |  1- 3 |  4- 6 |  7- 9 || total
---------------------------+-------+-------+-------++-------
  Melee: Trident           |   118 |   156 |    92 ||   366
         Punch             |     1 |     1 |     3 ||     5
    Use: Potion            |       |     2 |       ||     2
         Scroll            |       |       |     6 ||     6
 Armour: Leather armour    |    12 |       |       ||    12
         Ring mail         |    23 |    45 |    34 ||   102
  Dodge: Dodged            |    77 |    76 |    69 ||   222

Table legend: (Time is in decaauts)
 A = Elapsed time spent in this place.
 B = Non-inter-level travel time spent in this place.
 C = Inter-level travel time spent in this place.
 D = Time resting spent in this place.
 E = Time spent auto-exploring this place.
 F = Levels seen in this place.
 G = Mean time per level.
                   A        B        C        D        E       F      G
               +--------+--------+--------+--------+--------+-----+--------+
         Total |   3840 |   3647 |    193 |    484 |   2435 |   6 |  640.0 |
       Dungeon |   3838 |   3645 |    193 |    484 |   2435 |   5 |  767.6 |
        Temple |      1 |      1 |      0 |      0 |      0 |   1 |    1.0 |
               +--------+--------+--------+--------+--------+-----+--------+

Top non-repeatable levels by time:
     D:4: 1184 daAuts
     D:1: 842 daAuts
     D:3: 795 daAuts
     D:2: 571 daAuts
     D:5: 445 daAuts
  Temple: 1 daAuts
